 Dungeon Sprint DCSS version bcrawl-1.21 (webtiles) character file.

Game seed: 13001185833305544825

431 Freyura the Protected (level 6, -5/53 HPs)
             Began as a Demonspawn Fighter on Feb 15, 2020.
             Was an Initiate of Ru.
             Killed from afar by a deep elf mage (24 damage)
             ... with a bolt of lightning
             ... in the Dungeon (Sprint V: "Ziggurat Sprint").
             The game lasted 00:02:55 (114 turns).

Freyura the Protected (Demonspawn Fighter)           Turns: 114, Time: 00:02:56

Health: -5/53      AC: 27    Str: 22    XL:     6   Next: 67%
Magic:  6/6        EV:  7    Int: 10    God:    Ru [......]
Gold:   0          SH:  0    Dex: 20    Spells: 5/5 levels left

rFire    + + +     SeeInvis .   b - +7 great mace "Firestarter" {inner flame, rF++}
rCold    + . .     Gourm    .   (shield currently unavailable)
rNeg     . . .     Faith    .   a - +5 gold dragon scales
rPois    +         Spirit   .   (no helmet)
rElec    .         Reflect  .   (no cloak)
rCorr    .         Harm     .   (no gloves)
MR       .....     NoTele   +   (no boots)
Stlth    ..........             (no amulet)
HPRegen  0.17/turn              p - +6 ring of strength
MPRegen  0.10/turn              l - +6 ring of dexterity

@: sanguine armour
A: nightstalker 2, sanguine armour 1
a: Renounce Religion


You were in the Dungeon.
You worshipped Ru.
Ru was noncommittal.
You were not hungry.

You visited 1 branch

Inventory:

Hand Weapons
 b - the +7 great mace "Firestarter" (weapon) {inner flame, rF++}
   (You found it in the Dungeon)

   It has been specially enchanted to burn those struck by it, causing extra
   injury to most foes and up to half again as much damage against particularly
   susceptible opponents.
   It greatly protects you from fire.
Armour
 a - +5 gold dragon scales (worn)
Jewellery
 l - a +6 ring of dexterity (right hand)
 m - a +6 ring of dexterity
 n - a +6 ring of intelligence
 o - a +6 ring of intelligence
 p - a +6 ring of strength (left hand)
 q - a +6 ring of strength
Wands
 r - a wand of disintegration (7)
 s - a wand of iceblast (7)
 t - a wand of acid (7)
Scrolls
 k - 4 scrolls of blinking
 y - 4 scrolls of amnesia
 A - 7 scrolls of fog
 B - 5 scrolls of identify
 C - 5 scrolls of remove curse
 D - 2 scrolls of fear
Potions
 d - 6 potions of might
 f - 10 potions of curing
 g - 10 potions of heal wounds
 h - 6 potions of haste
 i - 7 potions of magic
 j - 3 potions of berserk rage
 u - 2 potions of brilliance
 v - 2 potions of invisibility
 w - 4 potions of resistance
 z - 5 potions of agility
Miscellaneous
 c - a lightning rod (4/4)
Comestibles
 e - 7 rations {!d}


   Skills:
 + Level 6.6 Fighting
 * Level 8.1 Maces & Flails
 * Level 8.3 Armour
 + Level 5.3 Dodging
   Level 2.6 Shields


You had 5 spell levels left.
You didn't know any spells.
Your spell library was empty.

Dungeon Overview and Level Annotations

Branches:
Dungeon (1/1)

Altars:
Ashenzari
Cheibriados
Dithmenos
Elyvilon
Fedhas
Gozag
Hepliaklqana
Kikubaaqudgha
Lugonu
Makhleb
Nemelex Xobeh
Okawaru
Qazlal
Ru
Sif Muna
Trog
Uskayaw
Vehumet
Wu Jian
Xom
Yredelemnul
Zin
The Shining One
Beogh
Jiyva

Annotations:
D 1 transporter


Innate Abilities, Weirdness & Mutations

You are significantly more attuned to the shadows.
When seriously injured, your bleeding wounds create armour. (AC +6)


Message History

The deep elf mage's inner flame fades away.
The deep elf mage hits you but does no damage.
Your gold dragon scales prevents you from hitting the deep elf mage.
The deep elf mage is heavily wounded.
The deep elf mage casts a spell.
The deep elf mage blinks!
The deep elf mage casts a spell at you. The bolt of lightning hits you!
Ouch! That really hurt!
Your blood congeals into armour.
You are too injured to fight recklessly!
You are too injured to fight recklessly!
You are too injured to fight recklessly!
You are too injured to fight recklessly!
The deep elf mage casts a spell.
The deep elf mage blinks!
There is a transporter here.
The deep elf mage casts a spell at you. The bolt of lightning hits you!
You die...

▓▓▓▓▓▓▓
▓%8§8.▓
▓..@e.▓
▓...%%▓
▓...☼☼▓
▓...☼°▓
▓..©.°▓
▓▓▓▓▓▓▓


You could see a deep elf mage.

Vanquished Creatures
  A deep elf mage (D)
1 creature vanquished.

Notes
Turn   | Place    | Note
-------+----------+-------------------------------------------
     0 | D        | Freyura the Demonspawn Fighter began the quest for the Orb.
     0 | D        | Reached XP level 1. HP: 18/18 MP: 1/1
    22 | D        | Found a blossoming altar of Fedhas.
    23 | D        | Found the +6 Majin-Bo {vamp, *Drain Str+12 Int+24}
    23 | D        | Found the +7 great mace "Firestarter" {inner flame, rF++}
    23 | D        | Found a viscous altar of Jiyva.
    23 | D        | Found a transporter.
    23 | D        | Found a hazy altar of Hepliaklqana.
    23 | D        | Found an ancient bone altar of Kikubaaqudgha.
    23 | D        | Found an opulent altar of Gozag.
    23 | D        | Found a corrupted altar of Lugonu.
    30 | D        | Found a burning altar of Makhleb.
    31 | D        | Found a sparkling altar of Nemelex Xobeh.
    31 | D        | Found an iron altar of Okawaru.
    31 | D        | Found a stormy altar of Qazlal.
    31 | D        | Found a sacrificial altar of Ru.
    34 | D        | Found a shimmering blue altar of Sif Muna.
    38 | D        | Found the +6 shillelagh "Devastator" {shatter}
    38 | D        | Found the +11 plutonium sword {*Contam Stlth-}
    38 | D        | Found the +8 lance "Wyrmbane" {slay drac, rPois rF+ rC+
                  | AC+3}
    38 | D        | Found the +9 sword of Zonguldrok {reap}
    38 | D        | Found the cursed +13 scythe of Curses {drain, *Curse}
    38 | D        | Found the +0 sword of Power
    38 | D        | Found the +7 mace of Variability {chain chaos}
    38 | D        | Found the +7 Singing Sword {slice}
    38 | D        | Found the +7 longbow "Piercer" {penet, EV-2}
    51 | D        | Found a bloodstained altar of Trog.
    72 | D        | Gained mutation: You are slightly more attuned to the
                  | shadows. [demonic ancestry]
    72 | D        | Reached XP level 2. HP: 25/25 MP: 2/2
    91 | D        | Became a worshipper of Ru the Awakened
    99 | D        | Entered arena 2.
    99 | D        | Noticed a deep elf mage
    99 | D        | Noticed a deep elf mage
    99 | D        | Found a transporter.
   105 | D        | Killed a deep elf mage
   105 | D        | Reached skill level 5 in Dodging
   105 | D        | Gained mutation: When seriously injured, your bleeding
                  | wounds create armour. (AC +6) [demonic ancestry]
   105 | D        | Reached XP level 3. HP: 29/35 MP: 3/3
   105 | D        | Reached XP level 4. HP: 34/41 MP: 4/4
   105 | D        | Reached XP level 5. HP: 39/47 MP: 5/5
   105 | D        | Gained mutation: You are significantly more attuned to the
                  | shadows. [demonic ancestry]
   105 | D        | Reached XP level 6. HP: 44/53 MP: 6/6
   114 | D        | Killed from afar by a deep elf mage

Skill      XL: |  1  2 |
---------------+-------+-----
Fighting       | 4 6 |  6.6
Maces & Flails | 4 8 |  8.1
Armour         | 4 8 |  8.3
Dodging        | 2 5 |  5.3
Shields        | |  2.6

Action                   |  1- 3 |  4- 6 || total
-------------------------+-------+-------++-------
Melee: Great mace        |     4 |     4 ||     8
  Use: Potion            |     1 |       ||     1
Armor: Gold dragon scale |     6 |     2 ||     8
Dodge: Dodged            |     1 |     1 ||     2
